 Dungeon Crawl Stone Soup version 0.19-a0-1686-g35356ef (webtiles) character file.

134 holy777 the Grave Robber (level 4, -1/31 HPs)
             Began as a Mummy Necromancer on Sept 25, 2016.
             Slain by Grinder (4 damage)
             ... on level 3 of the Dungeon.
             The game lasted 00:08:03 (2025 turns).

holy777 the Grave Robber (Mummy Necromancer)        Turns: 2025, Time: 00:08:04

Health: -1/31      AC:  3    Str: 11    XL:     4   Next: 95%
Magic:  6/8        EV: 12    Int: 15    God:
Gold:   113        SH:  0    Dex: 12    Spells: 3 memorised, 4 levels left

rFire  x . .     SeeInvis .     f - +1 short sword
rCold  + . .     Gourm    .     a - +0 robe
rNeg   + + +     Faith    .     (no shield)
rPois  ∞         Spirit   .     (no helmet)
rElec  .         Dismiss  .     (no cloak)
rCorr  .         Reflect  .     (no gloves)
MR     .....     Harm     .     (no boots)
Stlth  ++........               (no amulet)
                                (no ring)
                                (no ring)

@: very slightly contaminated
A: no food or potions, fire vulnerability, cold resistance 1, negative energy
resistance 3, torment resistance, unbreathing
a: no special abilities


You were on level 3 of the Dungeon.
You were not hungry.

You visited 1 branch of the dungeon, and saw 3 of its levels.

You collected 113 gold pieces.

Inventory:

Hand Weapons
 f - a +1 short sword (weapon)
Armour
 a - a +0 robe (worn)
Scrolls
 c - a scroll of fog {unknown}
 d - a scroll of recharging
 e - a scroll of enchant weapon
 g - 2 scrolls of remove curse {unknown}
 i - a scroll of amnesia {unknown}
 j - a scroll of random uselessness {unknown}
 k - a scroll of enchant armour {unknown}
Books
 b - a book of Necromancy

   Spells                             Type                      Level
   a - Pain                           Necromancy                   1
   b - Animate Skeleton               Necromancy                   1
   c - Vampiric Draining              Necromancy                   3
   d - Regeneration                   Charms/Necromancy            3
   e - Animate Dead                   Necromancy                   4
   f - Control Undead                 Necromancy                   4
 h - a book of Burglary

   Spells                             Type                      Level
   a - Swiftness                      Charms/Air                   2
   b - Passwall                       Transmutation/Earth          2
   c - Passage of Golubria            Translocation                4
   d - Lee's Rapid Deconstruction     Earth                        5
   e - Darkness                       Hexes                        6
   f - Invisibility                   Hexes                        6


   Skills:
 + Level 0.4 Fighting
 + Level 0.5 Short Blades
 * Level 2.4 Dodging
 - Level 1.5 Stealth
 + Level 2.8 Spellcasting
 * Level 5.0 Necromancy
 * Level 0.4 Air Magic


You had 4 spell levels left.
You knew the following spells:

 Your Spells              Type           Power        Failure   Level  Hunger
a - Pain                  Necr           ###.         2%          1    N/A
b - Animate Skeleton      Necr           N/A          2%          1    N/A
c - Swiftness             Chrm/Air       #.......     34%         2    N/A

Dungeon Overview and Level Annotations

Branches:
Dungeon (3/15)

Altars:

Annotations:
D:3 Grinder


Innate Abilities, Weirdness & Mutations

You do not eat or drink.
Your flesh is vulnerable to fire.
You are immune to poison.
Your flesh is cold resistant. (rC+)
You are immune to negative energy. (rN+++)
You are immune to unholy pain and torment.
You can survive without breathing.


Message History

Grinder hits your leopard gecko skeleton.
Your leopard gecko skeleton is destroyed!
Grinder shouts!
Grinder gestures at you.
You shrug off the repeated paralysis!
You closely miss Grinder.
Grinder is almost dead.
Grinder hits you.
* * * LOW HITPOINT WARNING * * *
You hit Grinder.
Grinder is almost dead.
Grinder hits you.
* * * LOW HITPOINT WARNING * * *
Okay, then.
Casting: Animate Skeleton
Confirm with . or Enter, or press ? or * to list all spells.
You miscast Swiftness.
You are very lightly contaminated with residual magic.
Nothing appears to happen.
Grinder hits you.
You die...

#.#%######.#.#.#
#..Z...........#
#####Z######.#.#.# #
......# ..#####..
#####.## .........
##..Z## #........
##.....########).......
..............)...#
###.....########@.#
##...## #5.# ##.## #.>#
### #..# ####


You could see Grinder.

Vanquished Creatures
  Ijyb (D:3)
  3 adders
  An ooze (D:1)
  A worm (D:2)
  3 dart slugs
  A leopard gecko (D:3)
  3 giant cockroaches
  6 goblins
  4 hobgoblins
  A jackal (D:3)
  3 ball pythons
  5 bats
  A kobold (D:1)
  6 rats
39 creatures vanquished.

Vanquished Creatures (collateral kills)
  3 adders
  An ooze (D:3)
  A hobgoblin (D:1)
  A jackal (D:3)
6 creatures vanquished.

Grand Total: 45 creatures vanquished

Notes
Turn   | Place    | Note
-------+----------+-------------------------------------------
     0 | D:1      | holy777 the Mummy Necromancer began the quest for the Orb.
     0 | D:1      | Reached XP level 1. HP: 13/13 MP: 3/3
   349 | D:1      | Learned a level 1 spell: Animate Skeleton
   375 | D:1      | Reached XP level 2. HP: 19/19 MP: 1/5
  1164 | D:1      | Reached XP level 3. HP: 14/24 MP: 6/6
  1465 | D:2      | Learned a level 2 spell: Swiftness
  1487 | D:2      | Reached XP level 4. HP: 30/30 MP: 2/7
  1862 | D:3      | Noticed Ijyb
  1867 | D:3      | Reached skill level 5 in Necromancy
  1875 | D:3      | Killed Ijyb
  1988 | D:3      | Noticed Grinder
  2011 | D:3      | Paralysed by Grinder for 5 turns
  2019 | D:3      | Paralysed by Grinder for 2 turns
  2025 | D:3      | Slain by Grinder

Vault maps used:
D:1:      roderic_chinese_lattice_arrival
D:3:      first_bread, uniq_crazy_yiuf_cottage, uniq_grinder, uniq_iyjb,
          uniq_terence

Skill      XL: |  1  2  3  4 |
---------------+-------------+-----
Dodging        | 2 |  2.4
Necromancy     | 5 |  5.0
Fighting       | |  0.4
Short Blades   | |  0.5
Stealth        | |  1.5
Spellcasting   | |  2.8
Air Magic      | |  0.4

Action                   |  1- 3 |  4- 6 || total
-------------------------+-------+-------++-------
Melee: Short sword       |    18 |    48 ||    66
 Cast: Pain              |    48 |    26 ||    74
       Animate Skeleton  |     7 |     5 ||    12
  Use: Scroll            |     2 |       ||     2
 Stab: Sleeping          |     1 |       ||     1
Armor: Robe              |     5 |    13 ||    18
Dodge: Dodged            |    19 |    38 ||    57
